 Dungeon Crawl Stone Soup version 0.29.1-2-gbd0b4ee654 (webtiles) character file.

Game seed: 7792859131425315920

25 Setbun the Magician (level 3, 0/25 HPs)
             Began as a Djinni Fire Elementalist on Nov 3, 2022.
             Slain by Terence
             ... wielding a +0 short sword
              (2 damage)
             ... on level 2 of the Dungeon.
             The game lasted 00:04:16 (1599 turns).

Setbun the Magician (Djinni Fire Elementalist)      Turns: 1599, Time: 00:04:17

Health: 0/25       AC:  2    Str:  7    XL:     3   Next: 17%
Gold:   156        EV: 12    Int: 18    God:
                   SH:  0    Dex: 13

rFire   + + .      SeeInvis .   e - +1 short sword (venom)
rCold   x . .      Faith    .   (no shield)
rNeg    . . .      Spirit   .   a - +0 robe
rPois   ∞          Reflect  .   (no helmet)
rElec   .          Harm     .   (no cloak)
rCorr   .          Rampage  .   (no gloves)
Will    .....                   (boots unavailable)
Stlth   ++........              (no amulet)
HPRegen 0.08/turn               (no ring)
MPRegen 0.00/turn               (no ring)

@: flying, very slightly contaminated
A: sickness immunity, fire resistance 2, cold vulnerability 1, float, innate
caster, HP casting, extra vitality 1
a: no special abilities


You were on level 2 of the Dungeon.
You visited 1 branch of the dungeon, and saw 2 of its levels.

You collected 156 gold pieces.

Inventory:

Hand Weapons
 e - a +1 short sword of venom (weapon)
Armour
 a - a +0 robe (worn)
Scrolls
 b - a scroll of butterflies {unknown}
 h - a scroll of vulnerability {unknown}
 j - a scroll of identify {unknown}
 l - a scroll of enchant armour {unknown}
Potions
 c - a potion of magic {unknown}
 d - 3 potions of haste {unknown}
 f - a potion of cancellation {unknown}
 g - 3 potions of heal wounds {unknown}
 i - 2 potions of brilliance {unknown}
 k - a potion of degeneration {unknown}


   Skills:
 + Level 2.3 Dodging
 + Level 1.6 Stealth
 * Level 3.1 Spellcasting


You couldn't memorise any spells.
You knew the following spells:

 Your Spells              Type           Power      Damage    Failure   Level
a - Foxfire               Conj/Fire      56%        2x1d6     4%          1
b - Scorch                Fire           28%        2d6       7%          2
c - Conjure Flame         Conj/Fire      14%        6-21      13%         3
d - Inner Flame           Hex/Fire       14%        N/A       13%         3
e - Flame Wave            Conj/Fire      14%        2d6       41%         4
f - Apportation           Tloc           28%        N/A       4%          1
Your spell library was empty.

Dungeon Overview and Level Annotations

Branches:
Dungeon (2/15)

Altars:

Annotations:
D:2 Terence


Innate Abilities, Weirdness & Mutations

You are immune to sickness and miasma.
You are immune to poison.
Your flesh is very heat resistant. (rF++)
You are vulnerable to cold. (rC-)
You float through the air rather than walking.
You learn spells naturally, not from books.
Your magical power is your life essence.
You have superior vitality. (+4 MHP)


Message History

The foxfire hits Terence but does no damage.
Terence is severely wounded.
Terence barely misses you.
Casting: Foxfire (safe; 4% risk of failure)
Press: ? - help, Q - select action, (/) - cycle Dir - look around, f - activate You conjure some foxfire!
The foxfire hits the kobold.
The kobold is severely wounded.
The foxfire hits the kobold.
You kill the kobold!
Terence closely misses you.
Casting: Foxfire (safe; 4% risk of failure)
Press: ? - help, Q - select action, (/) - cycle Dir - look around, f - activate You conjure some foxfire!
The foxfire hits Terence but does no damage.
Terence is severely wounded.
The foxfire hits Terence but does no damage.
Terence is severely wounded.
A ball python comes into view.
The foxfire hits the endoplasm.
The endoplasm is almost dead.
Terence closely misses you.
Casting: Foxfire (safe; 4% risk of failure)
Press: ? - help, Q - select action, (/) - cycle Dir - look around, f - activate You conjure some foxfire!
* * * LOW HITPOINT WARNING * * *
The foxfire hits the endoplasm.
You kill the endoplasm!
Terence hits you with a +0 short sword.
* * * LOW HITPOINT WARNING * * *
Casting: Foxfire (safe; 4% risk of failure)
Press: ? - help, Q - select action, (/) - cycle Dir - look around, f - activate You conjure some foxfire!
* * * LOW HITPOINT WARNING * * *
The foxfire hits Terence but does no damage.
Terence is severely wounded.
The foxfire hits Terence.
Terence is severely wounded.
Terence hits you with a +0 short sword.
You die...

.## .##. ...
.#. #..##..
#...#.# #.#...#
.. #..!..##..#
#vv@....#
#§@..# ###§###
####...#
#..>.### #.#.##
#.#.# #.#.#
#.#..
###########.##.


You could see Terence (ally target).

Vanquished Creatures
  3 endoplasms
  A giant cockroach (D:1)
  A goblin (D:1)
  2 hobgoblins
  3 jackals (D:1)
  4 kobolds
  2 bats
  A frilled lizard (D:1)
  5 rats (D:1)
22 creatures vanquished.

Vanquished Creatures (others)
  64 foxfires
  A fungus (D:1)
  A plant (D:1)
  6 toadstools (D:1)
72 creatures vanquished.

Grand Total: 94 creatures vanquished

Notes
Turn   | Place    | Note
-------+----------+-------------------------------------------
     0 | D:1      | Setbun the Djinni Fire Elementalist began the quest for the
                  | Orb.
     0 | D:1      | Setbun set off with the following spells memorised:
                  | Foxfire, Scorch, Conjure Flame, Inner Flame, Flame Wave.
     0 | D:1      | Reached XP level 1. HP: 15/15 MP: 0/0
   427 | D:1      | Reached XP level 2. HP: 18/21 MP: 0/0
   719 | D:1      | Found a faded altar of an unknown god.
   880 | D:1      | Reached skill level 3 in Spellcasting
  1582 | D:2      | Noticed Terence
  1586 | D:2      | Reached XP level 3. HP: 22/25 MP: 0/0
  1586 | D:2      | Learned a level 1 spell: Apportation
  1599 | D:2      | Slain by Terence

Illustrated notes

Levels and vault maps discovered:
D:1:      lemuel_arrival_behind_the_door_large, layout_basic,
          shapermc_ecumenical_altar_rom_forum, minmay_gold_behind_fungi
D:2:      minmay_skewed_foursquare, layout_basic, kennysheep_cross_room,
          minmay_tromino_v4_c, uniq_terence

Skill      XL: |  1  2 |
---------------+-------+-----
Spellcasting   | 3 |  3.1
Dodging        | |  2.3
Stealth        | |  1.6

Action                   || total
-------------------------++-------
Melee: Unarmed           ||     4
       Short sword       ||    20
       Punch             ||     1
 Cast: Foxfire           ||    41
 Stab: Sleeping          ||     1
Armor: Robe              ||     2
Dodge: Dodged            ||    28
